Workbook
Name d0e7393: Supplements!#REF!
Name d0e7400: Supplements!#REF!
Name d0e7407: Supplements!#REF!
Name d0e7641: Supplements!#REF!
Name d0e7702: Supplements!#REF!
Name d0e7714: Supplements!#REF!
Name d0e7721: Supplements!#REF!
Name ftn.d0e7393: Supplements!#REF!
Name ftn.d0e7400: Supplements!#REF!
Name ftn.d0e7407: Supplements!#REF!
Name ftn.d0e7641: Supplements!#REF!
Name ftn.d0e7702: Supplements!#REF!
Name ftn.d0e7714: Supplements!#REF!
Name ftn.d0e7721: Supplements!#REF!
Name ftn.Part7ETable2: Supplements!#REF!
Name Part7EDCtoIN: Supplements!#REF!
Name Part7ETable2: Supplements!#REF!

Sheet Exercise 1
B2: Policy Year 2019 Premium—Exercise 1
B3: Deriving DSR Premium—Average Deviation Method
B4: Premium Component | C4: 1/1/2019 Through 7/31/2019 | D4: 8/1/2019 Through 12/31/2019
B5: Balance to Minimum Premium | C5: 85746 | D5: 82000
B6: Expense Constant | C6: 125000 | D6: 106250
B7: Premium Discount | C7: -546273 | D7: -418653
B8: Schedule Rating | C8: -347651 | D8: -558102
B10: LCM | C10: 1.457 | D10: 1.678
B12: For this exercise, assume the DSR level is loss costs
B13: To complete this exercise, please select answers for 1A through 1E:
B14: For 1A–1B, please select which components are in Net Premium, but are not reported in Company Standard Premium
B15: For 1C–1D, please select which components are in Company Standard Premium, but are not reported in DSR Premium
B16: For 1E, please select the LCM that corresponds to each time period
B18: Use the Premium Components Chart in the 'Supplements' tab for assistance
B20: Once you have made selections for 1A-1E, please check your answers in the 'Answer' tab
B22: Policy Period | C22: 1/1/2019 Through 7/31/2019 | D22: 8/1/2019 Through 12/31/2019 | E22: PY 2019 Total
B23: Net Premium | C23: 2549785 | D23: 1945272 | E23: =C23+D23 -> 4495057
A24: 1A | C24: =IFERROR(VLOOKUP(B24, $B$5:$D$8, 2, 0), "") | D24: =IFERROR(VLOOKUP(B24, $B$5:$D$8, 3, 0), "") | E24: =IF(B24="", "PLEASE SELECT A RESPONSE",IF(OR(B24=$B$25, B24=$B$27,B24=$B$28), "PLEASE CHECK YOUR ANSWERS. NO DUPLICATES.", "")) -> PLEASE SELECT A RESPONSE
A25: 1B | C25: =IFERROR(VLOOKUP(B25, $B$5:$D$8, 2, 0), "") | D25: =IFERROR(VLOOKUP(B25, $B$5:$D$8, 3, 0), "") | E25: =IF(B25="", "PLEASE SELECT A RESPONSE", IF(OR(B25=$B$24, B25=$B$27,B25=$B$28), "PLEASE CHECK YOUR ANSWERS. NO DUPLICATES.","")) -> PLEASE SELECT A RESPONSE
B26: Company Standard Premium | C26: =IFERROR(C23-C24-C25, "") | D26: =IFERROR(D23-D24-D25, "") | E26: =IFERROR(C26+D26, "")
A27: 1C | C27: =IFERROR(VLOOKUP(B27, $B$5:$D$8, 2, 0), "") | D27: =IFERROR(VLOOKUP(B27, $B$5:$D$8, 3, 0), "") | E27: =IF(B27="", "PLEASE SELECT A RESPONSE", IF(OR(B27=$B$24, B27=$B$25,B27=$B$28), "PLEASE CHECK YOUR ANSWERS. NO DUPLICATES.","")) -> PLEASE SELECT A RESPONSE
A28: 1D | C28: =IFERROR(VLOOKUP(B28, $B$5:$D$8, 2, 0), "") | D28: =IFERROR(VLOOKUP(B28, $B$5:$D$8, 3, 0), "") | E28: =IF(B28="", "PLEASE SELECT A RESPONSE",IF(OR(B28=$B$24, B28=$B$25,B28=$B$27), "PLEASE CHECK YOUR ANSWERS. NO DUPLICATES.", "")) -> PLEASE SELECT A RESPONSE
B29: Company Standard Premium Used to Calculate DSR Premium | C29: =IFERROR(C26-C27-C28, "") | D29: =IFERROR(D26-D27-D28, "")
A30: 1E | B30: Deviation/LCM | E30: =IF(OR(C30="",D30=""),"PLEASE SELECT A RESPONSE FOR ALL TIME PERIODS", "") -> PLEASE SELECT A RESPONSE FOR ALL TIME PERIODS
B31: DSR Premium | C31: =IFERROR(C29/C30, "") | D31: =IFERROR(D29/D30, "") | E31: =IFERROR(C31+D31, "")

Sheet Supplements
A1: Supplement 1

Sheet Answer
B2: Policy Period | C2: 1/1/2019 Through 7/31/2019 | D2: 8/1/2019 Through 12/31/2019 | E2: PY 2019 Total
B3: Net Premium | C3: 2549785 | D3: 1945272 | E3: 4495057
B4: Premium Discount | C4: -546273 | D4: -418653 | E4: =IF(OR(B4='Exercise 1'!$B$24, B4='Exercise 1'!$B$25), "Correct! This premium component must be removed from Net Premium to derive Company Standard Premium", "Please check your answer") -> Please check your answer
B5: Schedule Rating | C5: -347651 | D5: -558102 | E5: =IF(OR(B5='Exercise 1'!$B$24, B5='Exercise 1'!$B$25), "Correct! This premium component must be removed from Net Premium to derive Company Standard Premium", "Please check your answer") -> Please check your answer
B6: Company Standard Premium | C6: 3443709 | D6: 2922027 | E6: 6365736
B7: Balance to Minimum Premium | C7: 85746 | D7: 82000 | E7: =IF(OR(SUM(C7:D7)=SUM('Exercise 1'!$C$27:$D$27), SUM(C7:D7)=SUM('Exercise 1'!$C$28:$D$28)), "Correct! This premium component must be removed from Company Standard Premium to derive DSR Premium", "Please check your answer") -> Please check your answer
B8: Expense Constant | C8: 125000 | D8: 106250 | E8: =IF(OR(B8='Exercise 1'!$B$27, B8='Exercise 1'!$B$28), "Correct! This premium component must be removed from Company Standard Premium to derive DSR Premium", "Please check your answer") -> Please check your answer
B9: Company Standard Premium used to calculate DSR Premium | C9: 3232963 | D9: 2733777
B10: Deviation/LCM | C10: 1.457 | D10: 1.678 | E10: =IF(AND(C10='Exercise 1'!C30,D10='Exercise 1'!D30),"Correct!","Please check your answer") -> Please check your answer
B11: DSR Premium | C11: 2218917.6 | D11: 1629187.7 | E11: 3848105.4
